 Dungeon Crawl Stone Soup version 0.30-b1-2-g02819fbbbe (webtiles) character file.

Game seed: 4055172860614747007

96 redmage the Digger (level 5, -3/38 HPs)
             Began as a Meteoran Earth Elementalist on Aug 2, 2023.
             Slain by a gnoll
             ... wielding a +0 flail
             ... led by a gnoll bouda
              (7 damage)
             ... on level 5 of the Dungeon.
             The game lasted 00:05:45 (426 turns).

redmage the Digger (Meteoran Earth Elementalist)     Turns: 426, Time: 00:05:45

Health: -3/38      AC:  2    Str: 10    XL:     5   Next: 20%
Magic:  8/10       EV: 12    Int: 18    God:
Gold:   61         SH:  0    Dex: 14    Spells: 4/10 levels left

rFire   . . .        g - +1 dagger (venom)
rCold   . . .        (no shield)
rNeg    . . .        a - +0 robe
rPois   .            (no helmet)
rElec   .            (no cloak)
rCorr   .            (no gloves)
SInv    .            (no boots)
Will    .....        (no amulet)
Stlth   +            (no ring)
HPRegen 0.26/turn    (no ring)
MPRegen 0.12/turn

%: no passive effects
@: lethally poisoned (-3 -> -6), glowing
A: sense surroundings 1, otherworldly, glowing, explore regen
a: no special abilities


You were on level 5 of the Dungeon.
You visited 1 branch of the dungeon, and saw 5 of its levels.

You collected 61 gold pieces.

Inventory:

Hand Weapons
 g - a +1 dagger of venom (weapon)
Armour
 a - a +0 robe (worn)
Wands
 j - a wand of paralysis (12)
Potions
 b - a potion of magic
 c - a potion of might {unknown}
 d - 2 potions of brilliance
 e - a potion of lignification {unknown}
 h - a potion of curing {unknown}


   Skills:
 - Level 2.4 Dodging
 - Level 1.4 Stealth
 - Level 3.0 Spellcasting
 * Level 2.6 Conjurations
 - Level 1.8 Transmutations
 * Level 5.2 Earth Magic


You had 4 spell levels left.
You knew the following spells:

 Your Spells              Type           Power      Damage    Failure   Level
a - Sandblast             Erth           42%        2d11      1%          1
b - Passwall              Tmut/Erth      12%        N/A       6%          2
c - Stone Arrow           Conj/Erth      32%        3d9       10%         3

Your spell library contained the following spells:

 Spells                   Type           Power      Damage    Failure   Level
 Petrify                  Tmut/Erth      15%        N/A       36%         4


Dungeon Overview and Level Annotations

Branches:
Dungeon (5/15) Zot: 2559
 Temple: D:4-7

Altars:
Okawaru


Innate Abilities, Weirdness & Mutations

You passively map a small area around you.
You are easily found by Zot.
You glow in the dark.
You regain HP and MP as you explore.


Message History

Press: ? - help, Shift-Dir - straight line, f/p - adder
Aim: an adder (72% to hit)
The blast of sand hits the adder!
You kill the adder!
The adder bites you but does no damage.
The gnoll bouda barks out a call to the hunt!
The gnoll picks up the pace!
The orc hits you from afar with a +0 trident.
A quokka comes into view.
A gnoll comes into view. It is wielding a +0 spear.
The adder misses you. The orc wizard barely misses you.
The orc hits you from afar with a +0 trident.
Casting: Sandblast (safe; 1% risk of failure)
Confirm with . or Enter, or press ? or * to list all spells.
Aiming: Sandblast (safe; 1% risk of failure)
Press: ? - help, Shift-Dir - straight line, f - orc wizard
Aim: an orc wizard, wielding a +0 dagger and wearing a +0 robe (79% to hit)
The blast of sand hits the orc wizard!
The orc wizard is severely wounded.
The adder bites you. The orc wizard barely misses you.
The orc hits you from afar with a +0 trident!
A gnoll comes into view. It is wielding a +0 club.
The adder bites you.
You are poisoned.
The adder poisons you! The gnoll hits you with a +0 flail.
* * * LOW HITPOINT WARNING * * *
Unknown command.
Unknown command.
Unknown command.
As you read the scroll labelled OJUNUL KUDIO, it crumbles to dust.
Wisps of shadow whirl around you...
It was a scroll of summoning.
You feel sick.
A gnoll comes into view. It is wielding a +0 club.
The teleport trap disappears.
The gnoll disappears!
The orc misses you.
The orc hits you from afar with a +0 trident.
* * * LOW HITPOINT WARNING * * *
The orc wizard barely misses you.
A gnoll comes into view. It is wielding a +0 club.
The adder bites you but does no damage. The gnoll hits you with a +0 flail!
You die...

* #.# #.# *,
,####.# ,
....###### ,
, ,
....ยง.g. ,
* #..g.g ,
*#.#.###S..#
*
#.....o.Sg#
...###@g##
#..r.oo.g# ,
..#.#o#g## <
** #....*
#..#. *
*.#*#g , *
,#. *,. * ,
,.. ##


You could see a gnoll bouda, an orc wizard (ally target), 4 gnolls, an adder
(ally target), 2 orcs, a quokka, 3 friendly gnolls, a friendly adder (summoned)
and a friendly orc (summoned).

Vanquished Creatures
  A hound (D:4)
  A jelly (D:4)
  2 adders
  A gnoll (D:2)
  A ball python (D:4)
  An endoplasm (D:4)
  A giant cockroach (D:2)
  A goblin (D:2)
  A hobgoblin (D:1)
  2 bats
  A kobold (D:2)
  A rat (D:1)
14 creatures vanquished.

Notes
Turn   | Place    | Note
-------+----------+-------------------------------------------
     0 | D:1      | redmage the Meteoran Earth Elementalist began the quest for
                  | the Orb.
     0 | D:1      | Reached XP level 1. HP: 14/14 MP: 5/5
   134 | D:2      | Reached XP level 2. HP: 20/20 MP: 3/6
   171 | D:2      | Reached skill level 4 in Earth Magic
   179 | D:2      | Learned a level 2 spell: Passwall
   241 | D:4      | Reached XP level 3. HP: 26/26 MP: 4/8
   245 | D:4      | Learned a level 3 spell: Stone Arrow
   294 | D:4      | Reached skill level 1 in Conjurations
   294 | D:4      | Reached XP level 4. HP: 33/33 MP: 6/9
   302 | D:3      | Found an iron altar of Okawaru.
   324 | D:4      | Reached skill level 5 in Earth Magic
   409 | D:4      | Reached XP level 5. HP: 38/38 MP: 6/10
   421 | D:5      | Entered Level 5 of the Dungeon
   426 | D:5      | Slain by a gnoll

Illustrated notes

Levels and vault maps discovered:
D:1:      ncdulo_lavacross, layout_basic, ebering_ecumenical_altar_petrified,
          minmay_misc_feat_alley
D:2:      layout_loops_ring, basic_altar, nrook_mini_vaults,
          hangedman_decor_diamond_cutter, chequers_serial_rivers_micro_c,
          minmay_pentomino_o2
D:3:      layout_basic, mainiacjoe_overflow_six_doors_small,
          gammafunk_ghost_necromancy
D:4:      layout_layer_cave, nicolae_overflow_crystal_walls, glass_columns_a,
          uniq_blork_the_orc
D:5:      layout_loops_ring, kennysheep_mini,
          lightli_ossuary_entry_decrepit_ruins, st_stairs_13,
          nrook_mini_backslash, uniq_eustachio, uniq_edmund

Skill      XL: |  1  2  3  4 |
---------------+-------------+-----
Spellcasting   | 3 |  3.0
Earth Magic    | 4 5 |  5.2
Conjurations   | 1 2 |  2.6
Dodging        | |  2.4
Stealth        | |  1.4
Transmutations | |  1.8

Action                     |  1- 3 |  4- 6 || total
---------------------------+-------+-------++-------
   Cast: Sandblast         |    18 |    10 ||    28
         Passwall          |       |     1 ||     1
    Use: Scroll            |     4 |     1 ||     5
 Armour: Robe              |       |     2 ||     2
  Dodge: Dodged            |     2 |     7 ||     9
